Map: [ESL] Dragon Scales

Players

Cyan - Winner!

  • Race: Protoss Protoss
  • Spawn Location: 5:00

Jieshi

  • Race: Protoss Protoss
  • Spawn Location: 11:00

Event: ESL SC2 Masters 2023 Summer (Regionals)

VOD

Have the link to the VOD?

Description

Time

  • Played on: May 19, 2023, 10:17 a.m.
  • Length: 8:17

All games in this series

Show
View Real Time Build Order
Export as new Build Order

Cyan Protoss - Winner!

Build Orders: Oracle Opening 

Get SALT Encoding   

  12  0:00  Probe  
  13  0:12  Probe  
  14  0:17  Pylon  
  14  0:24  Probe (Chrono Boost)  
  15  0:36  Probe (Chrono Boost)  
  15  0:39  Gateway  
  16  0:45  Probe (Chrono Boost)  
  16  0:47  Assimilator  
  17  0:51  Probe  
  18  1:03  Probe (Chrono Boost)  
  19  1:09  Pylon  
  19  1:10  Assimilator  
  19  1:15  Probe (Chrono Boost)  
  20  1:20  Probe (Chrono Boost)  
  21  1:26  Cybernetics Core  
  21  1:29  Probe  
  22  1:34  Zealot  
  24  1:41  Probe  
  24  1:43  Pylon  
  25  1:53  Probe  
  26  2:04  Stalker (Chrono Boost)  
  26  2:05  Warp Gate  
  28  2:09  Pylon  
  28  2:12  Probe  
  29  2:22  Stargate  
  29  2:32  Stalker  
  31  2:42  Nexus  
  31  2:49  Pylon  
  31  2:56  Shield Battery  
  30  3:04  Oracle (Chrono Boost)  
  30  3:08  Probe  
  34  3:19  Gateway  
  34  3:23  Probe  
  38  3:34  Oracle  
  38  3:37  Probe  
  39  3:45  Robotics Facility  
  39  3:54  Probe (Chrono Boost)  
  41  3:59  Probe (Chrono Boost)  
  41  4:03  Stalker  
  41  4:04  Probe (Chrono Boost)  
  41  4:08  Probe (Chrono Boost)  
  41  4:09  Probe (Chrono Boost)  
  46  4:17  Phoenix  
  46  4:20  Probe (Chrono Boost)  
  46  4:21  Probe (Chrono Boost)  
  50  4:27  Pylon  
  51  4:33  Observer  
  51  4:35  Probe x2 (Chrono Boost), Pylon  
  53  4:40  Probe  
  53  4:45  Probe  
  55  4:50  Gateway  
  55  4:52  Probe, Twilight Council  
  56  4:57  Probe  
  56  4:58  Stalker  
  59  5:03  Assimilator  
  59  5:04  Probe  
  60  5:09  Probe  
  61  5:14  Immortal (Chrono Boost)  
  61  5:16  Probe  
  66  5:21  Probe  
  66  5:22  Assimilator  
  68  5:28  Probe, Gateway  
  68  5:33  Probe  
  69  5:36  Blink (Chrono Boost)  
  69  5:37  Pylon  
  69  5:40  Probe  
  70  5:48  Pylon  
  70  5:52  Gateway  
  70  5:53  Pylon  
  70  5:55  Probe  
  71  5:59  Immortal (Chrono Boost)  
  71  6:01  Stalker x2  
  79  6:11  Gateway  
  79  6:12  Pylon  
  79  6:20  Pylon  
  79  6:21  Stalker  
  79  6:25  Stalker x2  
  83  6:31  Stalker  
  87  6:50  Pylon  
  87  6:51  Stalker x2  
  87  6:52  Stalker x2  
  95  6:55  Observer  
  96  7:06  Nexus  
  96  7:14  Pylon  
  96  7:23  Stalker x4  
  96  7:24  Stalker  
  96  7:28  Stalker  
  108  7:33  Warp Prism (Chrono Boost)  
  110  7:46  Stalker x2  
  110  7:47  Stalker  
  110  7:51  Stalker  
  118  7:56  Stalker  
  120  8:02  Stalker  
Show
View Real Time Build Order
Export as new Build Order

Jieshi Protoss 

Build Orders:  

Get SALT Encoding   

  12  0:00  Probe  
  13  0:12  Probe  
  14  0:18  Pylon  
  14  0:24  Probe (Chrono Boost)  
  15  0:37  Probe (Chrono Boost)  
  15  0:38  Gateway  
  16  0:44  Probe (Chrono Boost)  
  16  0:48  Assimilator  
  17  0:51  Probe  
  18  1:03  Probe  
  19  1:15  Probe  
  20  1:20  Pylon  
  20  1:26  Cybernetics Core  
  20  1:27  Probe  
  21  1:39  Probe  
  22  1:46  Pylon  
  22  1:47  Assimilator  
  22  1:51  Probe  
  23  2:01  Stalker (Chrono Boost)  
  23  2:06  Probe  
  23  2:08  Warp Gate  
  26  2:14  Pylon  
  26  2:18  Probe  
  26  2:22  Stalker (Chrono Boost)  
  27  2:29  Nexus  
  29  2:31  Probe  
  30  2:41  Pylon  
  30  2:43  Probe  
  31  2:55  Pylon  
  31  3:01  Robotics Facility  
  31  3:13  Probe, Sentry  
  34  3:25  Probe  
  34  3:27  Twilight Council  
  35  3:31  Shield Battery  
  35  3:40  Probe (Chrono Boost)  
  36  3:44  Probe (Chrono Boost)  
  36  3:45  Warp Prism (Chrono Boost)  
  37  3:53  Probe (Chrono Boost)  
  37  3:54  Probe (Chrono Boost)  
  41  3:58  Probe (Chrono Boost)  
  41  4:00  Stalker  
  41  4:01  Probe  
  42  4:07  Blink (Chrono Boost)  
  40  4:10  Probe  
  40  4:13  Probe  
  38  4:22  Probe  
  39  4:25  Probe  
  39  4:31  Gateway  
  40  4:35  Probe (Chrono Boost)  
  40  4:37  Adept  
  40  4:38  Probe (Chrono Boost)  
  43  4:47  Probe (Chrono Boost)  
  43  4:50  Probe (Chrono Boost)  
  43  4:51  Gateway  
  45  4:54  Probe (Chrono Boost)  
  45  4:55  Probe (Chrono Boost)  
  47  5:01  Probe  
  47  5:02  Stalker  
  47  5:05  Probe  
  51  5:10  Pylon  
  51  5:13  Probe  
  50  5:17  Probe  
  51  5:25  Probe  
  51  5:26  Gateway  
  51  5:28  Gateway  
  52  5:29  Sentry  
  52  5:32  Pylon  
  54  5:37  Gateway  
  54  5:41  Warp Prism  
  56  5:43  Probe  
  57  5:50  Pylon  
  57  5:52  Sentry, Shield Battery  
  57  5:53  Sentry  
  61  6:10  Stalker  
  61  6:11  Assimilator  
  61  6:16  Stalker  
  61  6:17  Pylon, Observer  
  64  6:19  Stalker  
  64  6:20  Gateway  
  66  6:30  Stalker  
  68  6:37  Stalker  
  70  6:53  Probe x2  
  72  6:54  Pylon  
  72  7:05  Pylon  
  72  7:07  Probe  
  74  7:09  Robotics Bay  
  74  7:11  Nexus, Assimilator  
  73  7:15  Stalker  
  73  7:16  Stalker x2  
  73  7:20  Probe  
  73  7:21  Stalker  
  78  7:25  Probe  
  79  7:32  Probe, Shield Battery  
  79  7:33  Pylon  
  76  7:37  Probe  
  76  7:42  Stalker x2  
  81  7:44  Probe  
  81  7:45  Observer (Chrono Boost)  
  81  7:49  Probe  
  84  7:56  Probe  
  85  8:02  Zealot x2  
  85  8:03  Zealot  
Tags
 
Add a new tag
Caveats
  • Supply blocks, unpowered buildings, or Contaminate may cause inaccurate times.
  • Supply counts are checked every 10 seconds.